 Dungeon Crawl Stone Soup version 0.32-a0-22-g6ae6769602 (webtiles) character file.

Game seed: 13556771065981524667

165 Amplified the Trooper (level 5, 0/46 HPs)
             Began as a Minotaur Alchemist on Jan 18, 2024.
             Was a Follower of Zin.
             Incinerated by a bombardier beetle (5 damage)
             ... with a burning spray
             ... on level 3 of the Dungeon.
             The game lasted 00:03:23 (1953 turns).

Amplified the Trooper (Minotaur Alchemist)          Turns: 1953, Time: 00:03:23

Health: 0/46       AC:  8    Str: 14    XL:     5   Next: 21%
Magic:  6/6        EV:  7    Int: 12    God:    Zin [*.....]
Gold:   125        SH:  0    Dex: 11    Spells: 5/6 levels left

rFire   . . .        i - +1 mace (protect)
rCold   . . .        (no shield)
rNeg    . . .        e - +0 chain mail
rPois   .            (helmet restricted)
rElec   .            (no cloak)
rCorr   .            (no gloves)
SInv    .            (no boots)
Will    .....        (no amulet) Stlth
                     k - ring of flight
HPRegen 0.27/turn    (no ring)
MPRegen 0.10/turn

%: no passive effects
@: confused, on fire, ambrosia-drunk, flying, glowing
A: horns 2, retaliatory headbutt
a: Renounce Religion, Recite, Donate Gold


You were on level 3 of the Dungeon.
You worshipped Zin.
Zin was aware of your devotion.
You visited 1 branch of the dungeon, and saw 3 of its levels.

You collected 138 gold pieces.
You donated 13 gold pieces to Zin.

Inventory:

Hand Weapons
 c - a +1 dagger of speed
 i - a +1 mace of protection (weapon)
Armour
 a - a +0 robe
 e - a +0 chain mail (worn)
Jewellery
 k - a ring of flight (left hand)
Scrolls
 d - a scroll of revelation
 j - a scroll of blinking
Potions
 b - a potion of magic
 f - a potion of enlightenment {unknown}
 g - a potion of ambrosia
 h - 2 potions of attraction {unknown}
 l - a potion of cancellation {unknown}


   Skills:
 * Level 3.9 Fighting
 * Level 2.2 Maces & Flails
 + Level 2.7 Armour
 - Level 2.1 Dodging
 - Level 1.5 Stealth
 - Level 1.3 Spellcasting
 - Level 0.6 Conjurations
 - Level 2.1 Alchemy
 * Level 1.4 Invocations


You had 5 spell levels left.
You knew the following spells:

 Your Spells              Type           Power      Damage    Failure   Level
a - Sting                 Conj/Alch      16%        1d4       95%         1

Your spell library contained the following spells:

 Spells                   Type           Power      Damage    Failure   Level
 Mercury Vapours          Alch/Air       6%         N/A       99%         2
 Mephitic Cloud           Conj/Alch/Air  3%         N/A       100%        3
 Olgreb's Toxic Radiance  Alch           6%         N/A       100%        4
 Sticky Flame             Fire/Alch      3%         2d4       100%        4
 Chain Lightning          Conj/Air       0%         2d1       100%        9
 Fire Storm               Conj/Fire      0%         6d1       100%        9
 Shatter                  Erth           0%         3d5*      100%        9


Dungeon Overview and Level Annotations

Branches:
Dungeon (3/15)

Altars:
Zin


Innate Abilities, Weirdness & Mutations

You have a pair of horns on your head.
You reflexively headbutt those who attack you in melee.


Message History

You hit the bombardier beetle but do no damage.
The bombardier beetle is severely wounded.
The liquid fire burns you!
The bombardier beetle sprays incendiary fluid at you.
The burning spray hits you.
You are even more covered in liquid fire!
You hit the bombardier beetle but do no damage.
The bombardier beetle is severely wounded.
The liquid fire burns you!
The bombardier beetle sprays incendiary fluid at you.
The burning spray hits you.
You are even more covered in liquid fire!
You hit the bombardier beetle.
You kill the bombardier beetle!
The liquid fire burns you!
You have reached level 5!
You shake off some of the fire as you move.
The liquid fire burns you!
You shake off some of the fire as you move.
The liquid fire burns you!
You shake off some of the fire as you move.
The liquid fire burns you!
* * * LOW HITPOINT WARNING * * *
You shake off some of the fire as you move.
The liquid fire burns you!
* * * LOW HITPOINT WARNING * * *
You shake off some of the fire as you move.
The liquid fire burns you!
* * * LOW HITPOINT WARNING * * *
It was a potion of ambrosia.
You are confused.
You feel invigorated. The liquid fire burns you!
* * * LOW HITPOINT WARNING * * *
You bump into the rock wall.
The liquid fire burns you!
* * * LOW HITPOINT WARNING * * *
You're too confused to move!
The liquid fire burns you!
You die...

#.#..#.#. .# #.#..#####
#....#.....# #.#..#
#.####.###...####.#..# #.
#.................# #
...#.##.#.)..#.....#.#.##....
.......)................>....
.
...#.##.#......#..##.#.#.....
... #. #.########. #.#)#.....
.....#.##.##..@..# #.#.# ....
#.........###.#..##.#.# ....
#.####†#### #....<#.# ...
#####.##......# #..##.#.# ...
..............# #. #.#.#
..............# # ..#
..............# ###
..............#
..............#


There were no monsters in sight!

Vanquished Creatures
  A bombardier beetle (D:3)
  Jessica (D:2)
  Terence (D:2)
  3 adders
  2 dart slugs
  A ribbon worm (D:2)
  5 endoplasms
  2 giant cockroaches
  5 goblins
  2 hobgoblins
  3 kobolds
  5 quokkas
  3 ball pythons (D:1)
  5 bats (D:1)
  7 frilled lizards
  5 rats
51 creatures vanquished.

Notes
Turn   | Place    | Note
-------+----------+-------------------------------------------
     0 | D:1      | Amplified the Minotaur Alchemist began the quest for the
                  | Orb.
     0 | D:1      | Reached XP level 1. HP: 14/14 MP: 1/1
    44 | D:1      | Reached skill level 1 in Fighting
   107 | D:1      | Reached skill level 1 in Armour
   229 | D:1      | Reached XP level 2. HP: 23/23 MP: 0/3
   369 | D:1      | Reached skill level 2 in Fighting
   765 | D:1      | Reached XP level 3. HP: 30/30 MP: 4/4
  1032 | D:2      | Noticed Terence
  1043 | D:2      | Killed Terence
  1044 | D:2      | Reached skill level 3 in Fighting
  1044 | D:2      | Reached skill level 1 in Maces & Flails
  1091 | D:2      | Reached XP level 4. HP: 36/38 MP: 5/5
  1109 | D:2      | Found a glowing silver altar of Zin.
  1170 | D:2      | Became a worshipper of Zin the Law-Giver
  1170 | D:2      | Reached * piety under Zin
  1290 | D:2      | Found a faded altar of an unknown god.
  1490 | D:2      | Noticed Jessica
  1498 | D:2      | Killed Jessica
  1699 | D:2      | Reached skill level 1 in Invocations
  1946 | D:3      | Reached XP level 5. HP: 20/46 MP: 6/6
  1951 | D:3      | HP: 1/46 [burnt (4)]
  1953 | D:3      | Incinerated by a bombardier beetle

Illustrated notes

Levels and vault maps discovered:
D:1:      roderic_dead_forest, layout_loops_ring,
          wander_ebering_terrifying_dragon_lair
D:2:      layout_loops_ring, basic_altar, dreamdust_ecumenical_altar_statues,
          uniq_jessica, uniq_terence
D:3:      layout_basic, old_standard_altar, chequers_hall_statues_y, uniq_ijyb

Skill      XL: |  1  2  3  4 |
---------------+-------------+-----
Fighting       | 1 2 3 |  3.9
Armour         | 1 2 |  2.7
Maces & Flails | 1 2 |  2.2
Invocations    | 1 |  1.4
Dodging        | |  2.1
Stealth        | |  1.5
Spellcasting   | |  1.3
Conjurations   | |  0.6
Alchemy        | |  2.1

Action                     |  1- 3 |  4- 6 || total
---------------------------+-------+-------++-------
  Melee: Unarmed           |     7 |       ||     7
         Dagger            |    71 |       ||    71
         Headbutt          |    13 |    10 ||    23
         Mace              |    11 |    55 ||    66
         Punch             |     1 |     1 ||     2
   Cast: Sting             |     6 |       ||     6
    Use: Scroll            |     5 |       ||     5
         Potion            |     1 |     1 ||     2
   Stab: Sleeping          |     2 |       ||     2
 Armour: Robe              |    25 |     1 ||    26
         Skin              |     5 |       ||     5
         Chain mail        |       |    33 ||    33
  Dodge: Dodged            |    53 |    19 ||    72

Table legend: (Time is in decaauts)
 A = Elapsed time spent in this place.
 B = Non-inter-level travel time spent in this place.
 C = Inter-level travel time spent in this place.
 D = Time resting spent in this place.
 E = Time spent auto-exploring this place.
 F = Levels seen in this place.
 G = Mean time per level.
                   A        B        C        D        E       F      G
               +--------+--------+--------+--------+--------+-----+--------+
         Total |   1949 |   1922 |     27 |     24 |   1386 |   3 |  649.7 |
       Dungeon |   1949 |   1922 |     27 |     24 |   1386 |   3 |  649.7 |
               +--------+--------+--------+--------+--------+-----+--------+

Top non-repeatable levels by time:
     D:2: 946 daAuts
     D:1: 867 daAuts
     D:3: 135 daAuts
